 Dungeon Crawl Stone Soup version 0.28-a0-1429-gf3d713df7a (webtiles) character file.

Game seed: 10824112405530716161

617892 backslashecho the Slayer (level 26, -3/260 HPs)
             Began as a Minotaur Cinder Acolyte on Jan 8, 2022.
             Was a High Priest of Ignis.
             Slain by a golden dragon (10 damage)
             ... on level 3 of the Realm of Zot on Jan 9, 2022.
             The game lasted 05:04:25 (78366 turns).

backslashecho the Slayer (Minotaur Cinder Acolyte) Turns: 78366, Time: 05:04:25

Health: -3/260     AC: 24    Str: 25    XL:     26   Next: 43%
Magic:  18/18      EV: 19    Int: 17    God:    Ignis [*****.]
Gold:   4300       SH: 26    Dex: 19    Spells: 27/27 levels left

rFire   + + .      SeeInvis .   a - +9 broad axe (flame)
rCold   + + .      Faith    .   O - +0 tower shield
rNeg    + . .      Spirit   .   b - +0 storm dragon scales
rPois   +          Reflect  .   Z - +0 hat {Will+}
rElec   +          Harm     .   w - scarf {rC+ rF+}
rCorr   .          Rampage  .   M - +0 pair of gloves
Will    +++..                   X - +2 pair of boots
Stlth   ..........              o - amulet "Suprilum" {Fragile Will+ Regen+ Dex+3}
HPRegen 1.33/turn               f - ring "Haara" {rN+ Int+6 Dex+6}
MPRegen 0.16/turn               i - ring of the Disturbing Runes {rPois rC+}

@: about to teleport, corroded, studying Maces & Flails
A: horns 2, retaliatory headbutt, thin skeletal structure 1, low mp 2, screaming
2, weak 2
}: 4/15 runes: decaying, slimy, silver, gossamer
a: Renounce Religion, Fiery Armour, Foxfire Swarm, Rising Flame


You were on level 3 of the Realm of Zot.
You worshipped Ignis.
Ignis was extremely pleased with you.
You visited 11 branches of the dungeon, and saw 54 of its levels.
You visited 2 bazaars.
You also visited: Sewer and Ice Cave.

You collected 9862 gold pieces.
You spent 5562 gold pieces at shops.

Inventory:

Hand Weapons
 a - a +9 broad axe of flaming (weapon)
Missiles
 v - 4 silver javelins
 B - 5 throwing nets
 C - 13 curare-tipped darts
 F - a javelin (quivered)
Armour
 b - +0 storm dragon scales (worn)
 d - the +0 cloak of Lust {Will+ Regen+ Int+6 Stlth-}
   (You bought it in a shop on level 2 of the Orcish Mines)

   Int:       It affects your intelligence (+6).
   Regen:     It increases your rate of health regeneration.
   Will:      It increases your willpower.
   Stlth:     It makes you less stealthy.
 w - a scarf of resistance (worn)
 M - a +0 pair of gloves (worn)
 O - a +0 tower shield (worn)
 U - +7 gold dragon scales
 X - a +2 pair of boots (worn)
 Z - a +0 hat of willpower (worn)
Jewellery
 f - the ring "Haara" (left hand) {rN+ Int+6 Dex+6}
   (You took it off a necromancer on level 3 of the Crypt)

   [ring of dexterity]

   Int:       It affects your intelligence (+6).
   Dex:       It affects your dexterity (+6).
   rN:        It protects you from negative energy.
 i - the ring of the Disturbing Runes (right hand) {rPois rC+}
   (You bought it in a shop in a bazaar)

   [ring of poison resistance]

   rC:        It protects you from cold.
   rPois:     It protects you from poison.
 o - the amulet "Suprilum" (around neck) {Fragile Will+ Regen+ Dex+3}
   (You found it on level 3 of the Crypt)

   [amulet of regeneration]

   Dex:       It affects your dexterity (+3).
   Regen:     It increases your rate of health regeneration.
   Fragile:   It will be destroyed if unequipped.
   Will:      It increases your willpower.
 A - a ring of willpower
 Y - the ring of Winter {Fly rC+ rCorr Str-3 SInv}
   (You bought it in a shop on level 2 of the Orcish Mines)

   [ring of flight]

   Str:       It affects your strength (-3).
   rC:        It protects you from cold.
   SInv:      It lets you see invisible.
   Fly:       It grants you flight.
   rCorr:     It protects you from acid and corrosion.
Wands
 e - a wand of acid (8)
 g - a wand of mindburst (6)
 l - a wand of digging (7)
 r - a wand of iceblast (54)
 u - a wand of flame (99)
 K - a wand of charming (37)
 N - a wand of paralysis (14)
Scrolls
 c - 8 scrolls of vulnerability
 h - 4 scrolls of blinking
 k - 12 scrolls of teleportation
 m - 7 scrolls of fear
 n - 3 scrolls of silence
 x - 3 scrolls of holy word
 P - 2 scrolls of summoning
 R - a scroll of magic mapping
 S - 10 scrolls of fog
Potions
 p - 4 potions of cancellation
 q - 27 potions of curing
 t - 11 potions of heal wounds
 z - 4 potions of invisibility
 D - 4 potions of might
 E - 8 potions of mutation
 H - 2 potions of haste
 L - 18 potions of ambrosia
 T - 6 potions of resistance
 W - 6 potions of magic
Miscellaneous
 j - a box of beasts
 s - a tin of tremorstones (2/2)
 y - a piece from Xom's chessboard (15/15)
 G - a phial of floods
 I - a lightning rod (4/4)
 Q - a condenser vane
 V - a phantom mirror


   Skills:
 + Level 25.9 Fighting
 + Level 19.6 Axes
 - Level 16.0 Throwing
 + Level 25.9 Armour
 - Level 16.5 Dodging
 + Level 25.9 Shields
 - Level 1.0 Unarmed Combat
 - Level 1.0 Spellcasting
 - Level 2.1 Fire Magic
 - Level 18.0 Evocations


You had 27 spell levels left.
You didn't know any spells.
Your spell library contained the following spells:

 Spells                   Type           Power      Damage    Failure   Level
 Scorch                   Fire           16%        2d5       34%         2
 Foxfire                  Conj/Fire      16%        2x1d4     36%         1
 Animate Skeleton         Necr           0%         N/A       50%         1
 Apportation              Tloc           0%         N/A       50%         1
 Magic Dart               Conj           0%         1d3       50%         1
 Pain                     Necr           0%         1d4       50%         1
 Sandblast                Erth           0%         2d4       50%         1
 Shock                    Conj/Air       0%         1d3       50%         1
 Slow                     Hex            0%         N/A       50%         1
 Summon Small Mammal      Summ           0%         N/A       50%         1
 Blink                    Tloc           0%         N/A       65%         2
 Call Imp                 Summ           0%         N/A       65%         2
 Corpse Rot               Necr/Air       0%         N/A       65%         2
 Sublimation of Blood     Necr           0%         N/A       65%         2
 Wereblood                Tmut           0%         N/A       65%         2
 Conjure Flame            Conj/Fire      4%         6-21      73%         3
 Inner Flame              Hex/Fire       4%         N/A       73%         3
 Ignite Poison            Fire/Tmut/Pois 3%         N/A       78%         3
 Call Canine Familiar     Summ           0%         N/A       86%         3
 Confusing Touch          Hex            0%         N/A       86%         3
 Dazzling Flash           Conj/Hex       0%         N/A       86%         3
 Frozen Ramparts          Ice            0%         1d2       86%         3
 Gell's Gravitas          Tloc           0%         N/A       86%         3
 Lesser Beckoning         Tloc           0%         N/A       86%         3
 Mephitic Cloud           Conj/Pois/Air  0%         N/A       86%         3
 Portal Projectile        Hex/Tloc       0%         N/A       86%         3
 Stone Arrow              Conj/Erth      0%         3d7       86%         3
 Summon Guardian Golem    Hex/Summ       0%         N/A       86%         3
 Swiftness                Air            0%         N/A       86%         3
 Teleport Other           Tloc           0%         N/A       86%         3
 Tukima's Dance           Hex            0%         N/A       86%         3
 Vampiric Draining        Necr           0%         2d6       86%         3
 Flame Wave               Conj/Fire      4%         2d4       98%         4
 Sticky Flame             Conj/Fire      4%         2d3       98%         4
 Airstrike                Air            0%         N/A       99%         4
 Animate Armour           Summ/Erth      0%         N/A       99%         4
 Animate Dead             Necr           0%         N/A       99%         4
 Cause Fear               Hex            0%         N/A       99%         4
 Dispel Undead            Necr           0%         3d6       99%         4
 Fulminant Prism          Conj/Hex       0%         3d6       99%         4
 Ice Form                 Ice/Tmut       0%         N/A       99%         4
 Iskenderun's Mystic Bla  Conj/Tloc      0%         2d3       99%         4
 Leda's Liquefaction      Hex/Erth       0%         N/A       99%         4
 Passage of Golubria      Tloc           0%         N/A       99%         4
 Petrify                  Tmut/Erth      0%         N/A       99%         4
 Summon Ice Beast         Ice/Summ       0%         N/A       99%         4
 Summon Lightning Spire   Summ/Air       0%         N/A       99%         4
 Alistair's Intoxication  Tmut/Pois      0%         N/A       100%        5
 Blade Hands              Tmut           0%         N/A       100%        5
 Borgnjor's Vile Clutch   Necr/Erth      0%         N/A       100%        5
 Freezing Cloud           Conj/Ice/Air   0%         6-21      100%        5
 Iskenderun's Battlesphe  Conj           0%         2d6       100%        5
 Lee's Rapid Deconstruct  Erth           0%         3d5*      100%        5
 Lightning Bolt           Conj/Air       0%         1d11      100%        5
 Manifold Assault         Tloc           0%         N/A       100%        5
 Metabolic Englaciation   Hex/Ice        0%         N/A       100%        5
 Summon Forest            Summ/Tloc      0%         N/A       100%        5
 Summon Mana Viper        Hex/Summ       0%         N/A       100%        5
 Yara's Violent Unravell  Hex/Tmut       0%         3d3       100%        5
 Death Channel            Necr           0%         N/A       100%        6
 Eringya's Noxious Bog    Tmut/Pois      0%         N/A       100%        6
 Iron Shot                Conj/Erth      0%         9d1       100%        6
 Simulacrum               Ice/Necr       0%         N/A       100%        6
 Starburst                Conj/Fire      2%         6d3       100%        6
 Statue Form              Tmut/Erth      0%         N/A       100%        6
 Summon Cactus Giant      Summ           0%         N/A       100%        6
 Enfeeble                 Hex            0%         N/A       100%        7
 Haunt                    Necr/Summ      0%         N/A       100%        7
 Monstrous Menagerie      Summ           0%         N/A       100%        7
 Ozocubu's Refrigeration  Ice            0%         4d5       100%        7
 Spellforged Servitor     Conj/Summ      0%         N/A       100%        7
 Summon Hydra             Summ           0%         N/A       100%        7
 Borgnjor's Revivificati  Necr           0%         N/A       100%        8
 Discord                  Hex            0%         N/A       100%        8
 Ignition                 Fire           4%         3d4       100%        8
 Infestation              Necr           0%         N/A       100%        8
 Necromutation            Tmut/Necr      0%         N/A       100%        8
 Summon Horrible Things   Summ           0%         N/A       100%        8
 Chain Lightning          Conj/Air       0%         N/A       100%        9
 Death's Door             Necr           0%         N/A       100%        9
 Fire Storm               Conj/Fire      2%         8d1       100%        9
 Shatter                  Erth           0%         3d5*      100%        9


Dungeon Overview and Level Annotations

Branches:
Dungeon (15/15)            Temple (0/1) D:7            Lair (6/6) D:9
  Swamp (4/4) Lair:3       Spider (4/4) Lair:2        Slime (5/5) Lair:6
    Orc (2/2) D:10            Elf (3/3) Orc:2        Vaults (5/5) D:14
  Crypt (3/3) Vaults:2       Tomb (0/3) Crypt:3      Depths (4/4) D:15
    Zot (3/5) Depths:4      Sewer (visited)           IceCv (visited)

Altars:
Ashenzari
Gozag
Kikubaaqudgha
Ru
Trog
Vehumet
Beogh

Shops:
D:2 [   D:13 *   Orc:1 *   Orc:2 =?:[[   Elf:3 =   Depths:1 ?

Portals:
Hell: Depths:1 Depths:2 Depths:3 Depths:4
Abyss: Depths:3
Pandemonium: Depths:2
Ziggurat: Depths:4

Annotations:
D:8 1 runed translucent door, exclusion: door, Bediveer's ghost, novice MiFi
D:12 1 runed translucent door, exclusion: door, freelancePsychic's ghost, journeyman DjNe
Orc:2 2 transporters, IEatYoBabies's ghost, journeyman TrHu
Elf:1 6 runed translucent doors
Elf:2 3 runed translucent doors
Elf:3 3 runed translucent doors, Jyejeiptew's ghost, adept HOMo
Zot:1 1 runed translucent door, Nempuhu's ghost, veteran MiDe


Innate Abilities, Weirdness & Mutations

You have a pair of horns on your head.
You reflexively headbutt those who attack you in melee.
You have a somewhat thin skeletal structure. (Dex +2, Stealth+)
Your magical capacity is very low. (-20% MP)
You frequently scream uncontrollably at your foes.
You are very weak. (Str -4)


Message History

The storm dragon claws you but does no damage.
The storm dragon completely misses you.
The yellow draconian annihilator spits acid at you.
The glob of acid hits you!!
* * * LOW HITPOINT WARNING * * *
The golden dragon bites you!!!
* * * LOW HITPOINT WARNING * * *
The golden dragon claws you but does no damage.
The golden dragon barely misses you.
You take 37 damage, and have 19/260 hp.
Unknown command.
You feel much better.
You feel sick. You block the storm dragon's attack.
The storm dragon claws you but does no damage.
You block the storm dragon's attack. The storm dragon bites you!
* * * LOW HITPOINT WARNING * * *
You block the storm dragon's attack. The storm dragon tramples you.
* * * LOW HITPOINT WARNING * * *
You hold your ground!
The golden dragon bites you.
* * * LOW HITPOINT WARNING * * *
You block the golden dragon's attack. The golden dragon closely misses you.
The yellow draconian annihilator gestures wildly while chanting.
The yellow draconian annihilator blinks!
You regained 4 hp, and now have 23/260 hp.
You feel much better.
You feel sick.
You are no longer poisoned.
You block the storm dragon's attack.
The storm dragon claws you but does no damage.
The storm dragon tramples you!
* * * LOW HITPOINT WARNING * * *
You hold your ground!
You block the golden dragon's attack. The golden dragon barely misses you.
The golden dragon tramples you!
* * * LOW HITPOINT WARNING * * *
You hold your ground!
You block the storm dragon's attack. The storm dragon claws you!
* * * LOW HITPOINT WARNING * * *
The storm dragon tramples you.
* * * LOW HITPOINT WARNING * * *
You hold your ground!
The golden dragon barely misses you. x2
The golden dragon tramples you!
You die...

.........###.....###
...........###'###
#.)........##...## ..
##........##.....# #..
##.........#⌠.>.⌠# #d.D
##.........#.....####Dq.#
##...##...##.⌠.##....d.q
.....###...######.......
.....# ##......@#...#
...# #.....D)D[.#
#..............>..
....................
....................
..#####...#####..... ..
##... ##### #...# ##
#...#


You could see a golden dragon (berserk) and a storm dragon (berserk).

Vanquished Creatures
  the Royal Jelly (Slime:5)
  2 dread liches
  2 orbs of fire (Zot:2)
  An ancient lich (Vaults:5)
  Mara (Vaults:2)
  3 juggernauts
  Sojobo (Vaults:5)
  Xtahua (Crypt:1)
  Saint Roka (Elf:2)
  A caustic shrike (Depths:3)
  Bai Suzhen (Swamp:3)
  Margery (Vaults:4)
  4 golden dragons
  A curse toe (Zot:1)
  Nikola (Swamp:3)
  Arachne (Spider:3)
  An electric golem (Zot:1)
  Rupert (D:13)
  10 tentacled monstrosities
  A shard shrike skeleton (Crypt:3)
  4 liches
  A walking frostbound tome (Depths:2)
  2 deep elf master archers (Elf:3)
  2 deep elf blademasters (Elf:3)
  3 quicksilver dragons
  22 acid blobs
  6 titans
  8 sphinxes
  An ancient champion (Crypt:1)
  A death cob (Zot:3)
  9 draconian monks
  Donald (Spider:4)
  A fenstrider witch (Swamp:1)
  9 tengu reavers
  20 rockslimes
  8 shadow dragons
  A revenant (Vaults:2)
  7 storm dragons
  A draconian knight (Zot:2)
  12 azure jellies
  14 fire giants
  2 iron dragons (Depths:2)
  20 vault wardens
  2 draconian scorchers
  2 orc warlords
  An emperor scorpion (Spider:2)
  4 deep elf sorcerers
  4 draconian shifters
  15 frost giants
  4 ghouls
  2 curse skulls (Crypt:3)
  7 deep elf elementalists (Elf:3)
  Louise (Swamp:2)
  A juggernaut skeleton (Crypt:3)
  6 ghost moths
  5 draconian stormcallers
  5 draconian annihilators
  5 war gargoyles
  A broodmother (Spider:3)
  7 quicksilver oozes
  A caustic shrike skeleton (Crypt:3)
  18 ironbound preservers
  5 reapers (Crypt:3)
  9 ironbound thunderhulks
  45 very ugly things
  11 stone giants
  3 vampire knights
  8 eleionomae
  5 deep elf annihilators
  10 green draconians
  10 yellow draconians
  10 dire elephants
  3 entropy weavers
  8 white draconians
  11 deep elf demonologists
  10 red draconians
  5 bunyips
  13 purple draconians
  7 black draconians
  8 ettins
  2 blizzard demons (IceCv)
  10 spark wasps
  8 eidola (Crypt:3)
  8 deep elf death magi
  8 jiangshi (Crypt:2)
  A quicksilver dragon zombie (Crypt:3)
  A crystal guardian (Vaults:1)
  A mummy priest (Crypt:3)
  6 fire dragons
  3 deep elf high priests
  Josephine (D:14)
  10 great orbs of eyes
  18 yaktaur captains
  Erolcha (Orc:2)
  4 shambling mangroves
  4 boulder beetles
  4 rakshasas
  33 vault guards
  30 hydras
  2 peacekeepers
  A fenstrider witch zombie (Crypt:2)
  The ghost of Clumpoid the Blocker, a journeyman GnFi of Cheibriados (Orc:1)
  Harold (D:9)
  4 catoblepae (Lair:6)
  Fannar (Orc:1)
  2 jorogumos (Spider:1)
  An anaconda (Lair:5)
  A caustic shrike simulacrum (IceCv)
  3 spriggan skeletons
  7 spriggan air magi
  9 ice dragons
  2 ghost crabs
  2 ogre magi
  A hell beast (Depths:2)
  6 death yaks (Lair:6)
  10 alligators
  28 centaur warriors
  10 ironbound frosthearts
  20 dancing weapons
  7 two-headed ogres
  An anaconda (shapeshifter) (Depths:2)
  5 deep troll shamans
  3 death knights
  A hell hog (Depths:4)
  5 deep troll earth magi
  8 tengu warriors
  5 vampire magi
  2 orc high priests
  A shock serpent (shapeshifter) (Vaults:5)
  A titan zombie (Crypt:3)
  2 spectral storm dragons (Crypt:2)
  2 spriggan berserkers
  7 hell knights
  10 soul eaters
  A titan skeleton (Crypt:2)
  A fire crab (Lair:5)
  23 skeletal warriors
  10 deep elf knights
  7 pharaoh ants
  2 spriggan druids
  A death drake (Swamp:3)
  2 bunyip zombies (Crypt:3)
  A golden dragon zombie (Crypt:3)
  9 swamp dragons
  51 deep trolls
  8 goliath frogs
  2 anaconda zombies (Crypt:3)
  4 iron trolls
  4 steelbarb worms
  3 lindwurms
  A death drake (shapeshifter) (Vaults:5)
  3 flayed ghosts
  6 spriggan simulacra (IceCv)
  2 obsidian statues
  13 orb spiders
  7 glowing orange brains
  12 bog bodies
  11 deep elf archers
  A wolf spider zombie (D:15)
  2 glowing orange brains (shapeshifter)
  19 phantasmal warriors
  19 ironbound convokers
  4 shadow dragon zombies
  18 wizards
  10 orc knights
  16 deep elf zephyrmancers
  21 necromancers
  21 deep elf pyromancers
  A sphinx zombie (Depths:2)
  12 orc sorcerers
  A goliath frog skeleton (Crypt:1)
  A human zombie (Vaults:4)
  4 manticores
  4 spectral ice dragons (Crypt:2)
  54 ugly things
  25 wolf spiders
  6 shining eyes
  6 cyclopes
  3 will-o-the-wisps
  A sphinx skeleton (Vaults:2)
  A salamander (shapeshifter) (Depths:1)
  A stone giant zombie (Crypt:3)
  2 naga zombies (Crypt:3)
  21 moths of wrath
  6 black mambas
  An elephant (Lair:5)
  2 stone giant skeletons
  A guardian serpent (shapeshifter) (D:15)
  2 fire giant skeletons
  Maurice (D:10)
  3 torpor snails
  A cane toad (shapeshifter) (D:14)
  Joseph (Lair:1)
  15 cane toads
  A human skeleton (Vaults:2)
  A smoke demon (Depths:4)
  A naga mage (D:15)
  17 vault sentinels
  A kobold demonologist (D:10)
  2 naga skeletons (Crypt:3)
  2 unseen horrors (D:11)
  14 demonic crawlers
  3 rime drakes
  8 komodo dragons
  A sea snake zombie (Crypt:1)
  An alligator snapping turtle zombie (Crypt:2)
  9 entropy weaver simulacra (IceCv)
  2 komodo dragons (shapeshifter)
  62 yaktaurs
  A hellion (Depths:4)
  6 freezing wraiths
  14 hellwings
  2 tengu conjurers
  A black draconian skeleton (Crypt:1)
  2 dire elephant skeletons
  A yaktaur skeleton (Vaults:4)
  A yaktaur (shapeshifter) (Vaults:5)
  An efreet (D:14)
  A green draconian skeleton (Crypt:2)
  4 anaconda simulacra (IceCv)
  A merfolk (shapeshifter) (Vaults:5)
  A harpy zombie (Crypt:3)
  8 ice devils (IceCv)
  2 guardian mummies (Crypt:3)
  4 meliai
  A burning bush (Lair:6)
  10 tyrant leeches
  6 trolls
  A queen bee (Lair:3)
  2 polar bears (Lair:5)
  7 red devils
  20 hornets
  2 harpy skeletons (Crypt:3)
  A death drake skeleton (Crypt:1)
  30 tarantellas
  8 dream sheep
  131 slime creatures
  A blink frog (shapeshifter) (Vaults:5)
  8 blink frogs
  41 jumping spiders
  3 centaur simulacra
  2 shadows
  13 culicivoras
  14 flying skulls
  8 spriggans
  7 water elementals
  An air elemental (Elf:2)
  53 yaks
  Sigmund (D:3)
  14 wraiths
  2 ettin skeletons
  2 elf zombies (Vaults:2)
  A fire dragon skeleton (Crypt:2)
  4 wyverns
  A yak (shapeshifter) (D:14)
  3 basilisks
  3 fire elementals
  3 dire elephant simulacra (IceCv)
  9 golden eyes
  A chaos spawn (Depths:2)
  3 neqoxecs (Depths:2)
  A golden eye (shapeshifter) (Vaults:5)
  A steam dragon (Lair:5)
  4 minotaur simulacra (IceCv)
  46 redbacks
  14 vampire mosquitoes
  A naga (D:13)
  2 acid dragons
  A hydra simulacrum (IceCv)
  17 swamp worms
  5 wargs
  14 water moccasins
  2 floating eyes (Depths:3)
  8 swamp drakes
  A deep troll skeleton (Crypt:1)
  20 orc warriors
  An ettin simulacrum (IceCv)
  5 black bears
  A sky beast (D:6)
  2 alligator simulacra (IceCv)
  2 hornet zombies
  12 ogres
  3 boggarts (Vaults:2)
  7 necrophages
  14 centaurs
  25 wolves
  A swamp dragon skeleton (Crypt:1)
  2 phantoms (D:5)
  14 kobold brigands
  A cyclops zombie (Crypt:2)
  16 bullfrogs
  2 glowing shapeshifter simulacra (Vaults:2)
  5 scorpions
  9 deep troll simulacra (IceCv)
  11 wyvern skeletons (Crypt:3)
  2 water moccasin skeletons
  3 human simulacra
  30 killer bees
  A warg skeleton (Crypt:1)
  3 lindwurm simulacra (IceCv)
  3 electric eels
  8 howler monkeys
  4 wights
  A crimson imp (Spider:3)
  5 jellies
  6 centaur zombies
  2 hounds
  17 orc priests
  2 bullfrog skeletons
  6 centaur skeletons
  5 iguanas
  Terence (D:2)
  Natasha (thrice) (D:3)
  36 orc wizards
  6 hell rats (Lair:1)
  3 killer bee zombies
  A felid skeleton (Crypt:2)
  A tengu skeleton (Crypt:2)
  2 hound skeletons
  A mummy (Crypt:3)
  4 howler monkey zombies
  10 adders
  4 gnolls (D:4)
  4 river rats (Sewer)
  A shadow imp (D:7)
  3 ufetubi
  An adder zombie (D:5)
  2 adder skeletons
  2 dart slugs
  92 orcs
  A bat zombie (Crypt:1)
  13 endoplasms
  5 giant cockroaches
  4 goblins
  13 hobgoblins
  3 jackals (Sewer)
  38 kobolds
  6 quokkas
  12 ball pythons
  A ball python skeleton (Crypt:2)
  3 bats
  A dart slug zombie (Crypt:2)
  7 frilled lizards
  7 rats
2530 creatures vanquished.

Vanquished Creatures (collateral kills)
  A water moccasin (Lair:2)
1 creature vanquished.

Vanquished Creatures (others)
  A fire giant (Vaults:5)
  A very ugly thing (Vaults:1)
  A war gargoyle (Vaults:5)
  2 black draconians
  An entropy weaver (Spider:1)
  2 purple draconians (Zot:2)
  A white draconian (Zot:1)
  An alligator (Swamp:1)
  A deep elf archer (Elf:3)
  A necromancer (Crypt:3)
  A wolf spider (Spider:4)
  A centaur skeleton (D:15)
  A bloated husk (Swamp:1)
  An air elemental (Elf:3)
  2 water elementals
  A boggart (Vaults:2)
  An orc priest (Orc:1)
  2 orc wizards
  3 orcs (D:10)
  A bush (Lair:4)
  14 foxfires
  42 fungi
  69 plants
  28 withered plants
179 creatures vanquished.

Grand Total: 2710 creatures vanquished

Notes
Turn   | Place    | Note
-------+----------+-------------------------------------------
     0 | D:1      | backslashecho the Minotaur Cinder Acolyte began the quest
                  | for the Orb.
     0 | D:1      | Reached XP level 1. HP: 19/19 MP: 1/1
    87 | D:1      | Reached skill level 1 in Unarmed Combat
   244 | D:1      | Reached XP level 2. HP: 27/27 MP: 2/2
   785 | D:1      | Reached XP level 3. HP: 35/35 MP: 3/3
   821 | D:1      | Reached skill level 5 in Fighting
  1204 | D:2      | Found a faded altar of an unknown god.
  1834 | D:2      | Found a sacrificial altar of Ru.
  1991 | D:2      | Found Motunon's Antique Armour Shop.
  2292 | D:3      | Noticed Sigmund
  2328 | D:3      | Noticed Terence
  2740 | D:3      | Reached XP level 4. HP: 33/44 MP: 4/4
  2818 | D:3      | Found a glowing drain.
  2823 | Sewer    | Entered a sewer
  3174 | Sewer    | Reached XP level 5. HP: 50/51 MP: 5/5
  3961 | D:3      | Noticed Natasha
  3967 | D:3      | Killed Natasha
  4030 | D:3      | Killed Sigmund
  4031 | D:3      | Reached XP level 6. HP: 33/62 MP: 6/6
  4466 | D:3      | Noticed Natasha
  4482 | D:3      | Killed Natasha
  4483 | D:3      | Reached skill level 1 in Armour
  4721 | D:4      | Reached XP level 7. HP: 55/70 MP: 7/7
  4949 | D:4      | Reached skill level 5 in Axes
  5355 | D:2      | Killed Terence
  5400 | D:2      | Bought a kite shield for 99 gold pieces
  5441 | D:3      | Noticed Natasha
  5448 | D:3      | Killed Natasha
  5544 | D:5      | Entered Level 5 of the Dungeon
  6217 | D:5      | Reached XP level 8. HP: 78/78 MP: 8/8
  6982 | D:5      | Reached skill level 5 in Armour
  7453 | D:6      | You fall into a shaft and drop 3 floors!
  7504 | D:9      | Noticed a hornet
  7511 | D:9      | Paralysed by a hornet for 1 turns
  7513 | D:9      | Killed a hornet
  7674 | D:9      | Got Boyxux Qanoll's Volume of Ensnaring Translocation
  7925 | D:9      | Noticed Harold
  7951 | D:9      | Killed Harold
  7952 | D:9      | Reached skill level 10 in Axes
  7952 | D:9      | Reached XP level 9. HP: 65/83 MP: 9/9
  8989 | D:6      | Reached XP level 10. HP: 90/91 MP: 10/10
  9756 | D:7      | Found a staircase to the Ecumenical Temple.
 10452 | D:8      | Reached skill level 1 in Shields
 10755 | D:8      | Found a runed translucent door.
 10757 | D:8      | Noticed Bediveer's ghost (novice MiFi)
 10782 | D:8      | Identified the +11 spear "Ytihasao" {flame, rF+}
 11237 | D:8      | HP: 4/90 [poisoned by an orc wizard]
 11508 | D:9      | Found a staircase to the Lair.
 11788 | D:10     | Entered Level 10 of the Dungeon
 11998 | D:2      | Bought a glowing chain mail for 165 gold pieces
 11998 | D:2      | Bought a pair of gloves for 99 gold pieces
 12380 | D:10     | Reached skill level 5 in Shields
 12402 | D:10     | Reached skill level 15 in Axes
 12434 | D:10     | Reached XP level 11. HP: 97/97 MP: 11/11
 12598 | D:10     | Found a broken altar of Ashenzari.
 12831 | D:10     | Noticed Maurice
 12849 | D:10     | Killed Maurice
 12894 | D:10     | Found a staircase to the Orcish Mines.
 13122 | Lair:1   | Entered Level 1 of the Lair of Beasts
 13426 | Lair:1   | Noticed a four-headed hydra
 13445 | Lair:1   | Killed a one-headed hydra
 13565 | Lair:1   | Noticed Joseph
 13581 | Lair:1   | Killed Joseph
 14616 | Lair:2   | Found a hole to the Spider Nest.
 14961 | Lair:2   | Reached XP level 12. HP: 104/104 MP: 12/12
 15318 | Lair:2   | Reached skill level 1 in Evocations
 15852 | Lair:3   | Reached skill level 10 in Shields
 16169 | Lair:3   | Noticed a seven-headed hydra
 16182 | Lair:3   | Killed a one-headed hydra
 16191 | Lair:3   | Reached skill level 5 in Evocations
 16802 | Lair:3   | Found a staircase to the Swamp.
 17065 | Lair:4   | Noticed an eight-headed hydra
 17410 | Lair:4   | Killed a five-headed hydra
 17518 | Lair:4   | Reached XP level 13. HP: 110/111 MP: 13/13
 17586 | Lair:4   | Reached skill level 1 in Dodging
 18642 | Lair:5   | Reached skill level 10 in Fighting
 19021 | Lair:5   | Noticed a dire elephant
 19030 | Lair:5   | Reached skill level 5 in Dodging
 19036 | Lair:5   | Killed a dire elephant
 19114 | Lair:6   | Entered Level 6 of the Lair of Beasts
 19310 | Lair:6   | Found a staircase to the Slime Pits.
 19347 | Lair:6   | Reached skill level 10 in Armour
 20396 | Lair:6   | Reached XP level 14. HP: 51/129 MP: 14/14
 20958 | Orc:1    | Entered Level 1 of the Orcish Mines
 21201 | Orc:1    | Noticed Fannar
 21231 | Orc:1    | Killed Fannar
 21232 | Orc:1    | Reached skill level 1 in Throwing
 21349 | Orc:1    | Found a runed translucent gate.
 21352 | Orc:1    | Found a runed translucent gate.
 21352 | Orc:1    | Found a runed translucent gate.
 21352 | Orc:1    | Found an opulent altar of Gozag.
 21352 | Orc:1    | Noticed Clumpoid's ghost (journeyman GnFi)
 21355 | Orc:1    | Found Ynegiafo's Assorted Antiques.
 21370 | Orc:1    | Killed Clumpoid's ghost
 21643 | Orc:1    | Bought a pair of glowing boots for 127 gold pieces
 21658 | Orc:1    | Bought a scroll of fog for 34 gold pieces
 21658 | Orc:1    | Bought a potion of might for 68 gold pieces
 21690 | Orc:2    | Entered Level 2 of the Orcish Mines
 21711 | Orc:2    | Found a staircase to the Elven Halls.
 22352 | Orc:2    | Found Bongamapn's Jewellery Emporium.
 22390 | Orc:2    | Noticed IEatYoBabies's ghost (journeyman TrHu)
 22392 | Orc:2    | Noticed an orc warlord
 22397 | Orc:2    | Found a transporter.
 22400 | Orc:2    | Found a bloodstained altar of Trog.
 23315 | Orc:2    | Found a transporter.
 23618 | Orc:2    | Found Sukoposk's Magic Scroll Shoppe.
 23709 | Orc:2    | Noticed Erolcha
 23725 | Orc:2    | Killed Erolcha
 23730 | Orc:2    | Found a radiant altar of Vehumet.
 23823 | Orc:2    | Found Ximpej's Book Shoppe.
 23858 | Orc:2    | Found an ancient bone altar of Kikubaaqudgha.
 23893 | Orc:2    | Found Ysyfuzxu's Antique Armour Emporium.
 23912 | Orc:2    | Found Haczeix's Antique Armour Emporium.
 24073 | Orc:2    | Bought a masterwork cloak for 370 gold pieces
 24073 | Orc:2    | Identified the +0 cloak of Lust {Will+ Regen+ Int+6 Stlth-}
                  | (You bought it in a shop on level 2 of the Orcish Mines)
 24163 | Orc:2    | Bought the ring of Winter {Fly rC+ rCorr Str-3 SInv} for
                  | 420 gold pieces
 24272 | Orc:2    | Bought a scroll of fog for 28 gold pieces
 24272 | Orc:2    | Bought a scroll of teleportation for 42 gold pieces
 24272 | Orc:2    | Bought a scroll of teleportation for 42 gold pieces
 24272 | Orc:2    | Bought a scroll of teleportation for 42 gold pieces
 24622 | D:11     | Reached skill level 5 in Throwing
 25601 | D:12     | Identified the +1 scale mail of the First Snow {SInv}
 25864 | D:12     | Found a runed translucent door.
 25864 | D:12     | Noticed freelancePsychic's ghost (journeyman DjNe)
 26154 | D:12     | Got Sukiba's Incunabulum of the Twisted Rocks
 26390 | D:12     | Identified the +1 leather armour of Gyfam {rF++ rN+ Dex+3}
 26768 | D:13     | Reached XP level 15. HP: 136/139 MP: 15/15
 26795 | D:13     | Noticed Rupert
 26807 | D:13     | Killed Rupert
 27254 | D:13     | Found Quextouv's Serpentskin Sales.
 27266 | D:13     | Bought 3 curare-tipped darts for 32 gold pieces
 27585 | D:14     | Found a frozen archway.
 27593 | D:14     | Reached skill level 15 in Fighting
 27686 | IceCv    | Entered an ice cave
 27950 | IceCv    | Identified the +1 hat of Claustrophobia {Dex+3}
 28836 | IceCv    | Identified the +2 ring mail "Uceegh" {rPois}
 29365 | D:14     | Noticed Josephine
 29376 | D:14     | Identified the +3 fustibalus "Cutasir" {freeze, rN+}
 29407 | D:14     | Killed Josephine
 29488 | D:14     | Reached skill level 15 in Armour
 29581 | D:14     | Found a gate to the Vaults.
 29791 | D:15     | Entered Level 15 of the Dungeon
 30231 | D:15     | Reached XP level 16. HP: 144/155 MP: 16/16
 30369 | D:15     | Found a staircase to the Depths.
 30921 | D:15     | Found the +5 sword of Power {vorpal}
 31034 | D:13     | Bought a ring of poison resistance for 360 gold pieces
 31406 | Swamp:1  | Entered Level 1 of the Swamp
 32327 | Swamp:1  | Found a radiant altar of Vehumet.
 32664 | Swamp:2  | Noticed Louise
 32706 | Swamp:2  | Killed Louise
 33951 | Swamp:3  | Noticed Bai Suzhen
 34213 | Swamp:3  | Noticed Nikola
 34524 | Swamp:3  | Killed Bai Suzhen
 34623 | Swamp:3  | Reached XP level 17. HP: 140/163 MP: 17/17
 34786 | Swamp:3  | Killed Nikola
 34825 | Swamp:4  | Entered Level 4 of the Swamp
 36123 | Swamp:4  | Reached skill level 15 in Shields
 36186 | Swamp:4  | Got a decaying rune of Zot
 36405 | Spider:1 | Entered Level 1 of the Spider Nest
 36742 | Spider:1 | Reached skill level 10 in Throwing
 38468 | Spider:2 | Reached XP level 18. HP: 91/172 MP: 18/18
 38744 | Spider:2 | Identified the +1 leather armour of the Enchanted Forest
                  | {rElec}
 39054 | Spider:3 | Noticed Arachne
 39505 | Spider:3 | Killed Arachne
 39865 | Spider:3 | Identified a scroll of acquirement
 39874 | Spider:3 | Acquired 722 gold pieces
 40382 | Spider:4 | Entered Level 4 of the Spider Nest
 42064 | Spider:4 | Noticed Donald
 42078 | Spider:4 | Got a gossamer rune of Zot
 42492 | Spider:4 | Killed Donald
 42884 | Vaults:1 | Entered Level 1 of the Vaults
 42885 | Vaults:1 | Upgraded the game from 0.28-a0-1415-g7c84da036a to
                  | 0.28-a0-1429-gf3d713df7a
 43948 | Vaults:1 | Reached skill level 10 in Evocations
 44161 | Vaults:1 | Reached XP level 19. HP: 162/179 MP: 19/19
 45513 | Vaults:2 | Reached skill level 15 in Throwing
 46042 | Vaults:2 | Found a staircase to the Crypt.
 47612 | Vaults:3 | Reached XP level 20. HP: 189/189 MP: 20/20
 48440 | Vaults:3 | Got the Compendium of Dislocated Transmutation
 49993 | Vaults:4 | Noticed Margery
 50012 | Vaults:4 | Killed Margery
 50922 | Vaults:4 | Found a gateway to a bazaar.
 50949 | Bazaar   | Entered a bazaar
 50953 | Bazaar   | Found Dobroas's Jewellery Boutique.
 50975 | Bazaar   | Found Biew's Antique Armour Emporium.
 50996 | Bazaar   | Found Eqomehue's Book Boutique.
 51016 | Bazaar   | Found Tial's Jewellery Shoppe.
 51022 | Bazaar   | Bought the amulet of Vitality {Regen+ HP+15} for 1264 gold
                  | pieces
 51022 | Bazaar   | Found the amulet of Vitality {Regen+ HP+15}
 51022 | Bazaar   | Bought the ring of the Disturbing Runes {rPois rC+} for 544
                  | gold pieces
 51271 | Depths:1 | Entered Level 1 of the Depths
 51297 | Depths:1 | Reached XP level 21. HP: 168/199 MP: 21/21
 51975 | Depths:1 | Found a gateway to Hell.
 51988 | Depths:1 | Found a runed translucent door.
 52134 | Depths:1 | Found Doim's Magic Scroll Boutique.
 52137 | Depths:1 | Bought a scroll of magic mapping for 42 gold pieces
 52518 | Depths:2 | Gained mutation: You sometimes lose the ability to read
                  | scrolls when taking damage. [a neqoxec]
 52745 | Depths:2 | Noticed a juggernaut
 52769 | Depths:1 | Killed a juggernaut
 52823 | Depths:2 | Reached skill level 15 in Evocations
 53067 | Depths:2 | Noticed a golden dragon
 53099 | Depths:2 | Killed a golden dragon
 53727 | Depths:2 | Gained mutation: You are weak. (Str -2) [a neqoxec]
 53730 | Depths:2 | Found a one-way gate leading to the halls of Pandemonium.
 54134 | Depths:3 | Noticed a golden dragon
 54306 | Depths:3 | Killed a golden dragon
 54412 | Depths:3 | Reached XP level 22. HP: 211/211 MP: 22/22
 54502 | Depths:3 | Found a one-way gate to the infinite horrors of the Abyss.
 54506 | Depths:2 | Identified the +7 quarterstaff of Cheese {drain, rElec
                  | Will+ Int+4 SInv}
 55077 | Depths:3 | Noticed a juggernaut
 55077 | Depths:3 | Noticed a juggernaut
 55079 | Depths:3 | Noticed a caustic shrike
 55097 | Depths:3 | Killed a juggernaut
 55129 | Depths:3 | Killed a juggernaut
 55132 | Depths:3 | Killed a caustic shrike
 55185 | Depths:3 | Paralysed by a floating eye for 2 turns
 55529 | Depths:4 | Entered Level 4 of the Depths
 56177 | Depths:4 | Noticed a golden dragon
 56206 | Depths:4 | Killed a golden dragon
 56274 | Depths:4 | Found a gate to the Realm of Zot.
 56434 | Depths:4 | Found a one-way gateway to a ziggurat.
 56507 | Depths:4 | Noticed a golden dragon
 56518 | Depths:4 | Killed a golden dragon
 57261 | Elf:1    | Entered Level 1 of the Elven Halls
 57333 | Elf:1    | Found a flickering gateway to a bazaar.
 57339 | Bazaar   | Entered a bazaar
 57339 | Bazaar   | Found Rul Meiv's General Store.
 57339 | Bazaar   | Found Keczyt's Assorted Antiques.
 57366 | Bazaar   | Found Boklaczi's Distillery.
 57373 | Bazaar   | Found Ruapamin's Antique Weapon Emporium.
 57388 | Bazaar   | Found Pareff's Magic Scroll Shop.
 57416 | Bazaar   | Bought 2 potions of curing for 114 gold pieces
 57416 | Bazaar   | Bought 2 potions of cancellation for 304 gold pieces
 57416 | Bazaar   | Bought a potion of heal wounds for 95 gold pieces
 57416 | Bazaar   | Bought a potion of curing for 57 gold pieces
 57423 | Bazaar   | Bought a potion of mutation for 112 gold pieces
 57423 | Bazaar   | Bought a potion of mutation for 112 gold pieces
 57423 | Bazaar   | Bought a potion of resistance for 140 gold pieces
 57423 | Bazaar   | Bought a potion of curing for 42 gold pieces
 57429 | Bazaar   | Bought a potion of invisibility for 152 gold pieces
 57446 | Bazaar   | Bought a scroll of fog for 18 gold pieces
 57446 | Bazaar   | Bought a box of beasts for 360 gold pieces
 57446 | Bazaar   | Bought a potion of heal wounds for 45 gold pieces
 57446 | Bazaar   | Bought a wand of iceblast (6) for 90 gold pieces
 57446 | Bazaar   | Bought a potion of heal wounds for 45 gold pieces
 57479 | Bazaar   | Bought a scroll of enchant weapon for 67 gold pieces
 57479 | Bazaar   | Bought a scroll of fear for 31 gold pieces
 57815 | Elf:1    | Found a runed translucent gate.
 57815 | Elf:1    | Found a runed translucent gate.
 57815 | Elf:1    | Found a runed translucent gate.
 57815 | Elf:1    | Found a runed translucent gate.
 57815 | Elf:1    | Found a runed translucent gate.
 57816 | Elf:1    | Found a runed translucent gate.
 57833 | Elf:1    | Identified the +1 plate armour "Koetol" {-Cast +Inv Dex+4}
 58483 | Elf:2    | Noticed Saint Roka
 58511 | Elf:2    | Killed Saint Roka
 58742 | Elf:2    | Paralysed by an air elemental for 1 turns
 58744 | Elf:2    | Paralysed by an air elemental for 1 turns
 58749 | Elf:2    | Paralysed by an air elemental for 1 turns
 58773 | Elf:2    | Found a runed translucent gate.
 58774 | Elf:2    | Found a runed translucent gate.
 58774 | Elf:2    | Found a runed translucent gate.
 58821 | Elf:2    | Reached XP level 23. HP: 223/223 MP: 23/23
 59084 | Elf:3    | Entered Level 3 of the Elven Halls
 59466 | Elf:3    | Found Laplut's Jewellery Shop.
 59799 | Elf:3    | Found a runed translucent gate.
 59799 | Elf:3    | Found a runed translucent gate.
 59799 | Elf:3    | Found a runed translucent gate.
 59806 | Elf:3    | Noticed Jyejeiptew's ghost (adept HOMo)
 60447 | Elf:3    | Identified the +2 scimitar of Juplel {flame, SInv}
 60612 | Elf:3    | Identified the +11 flail "Suteukaf" {freeze, rPois rN+
                  | Str+2 Stlth+}
 60748 | Elf:3    | Got the Almanac of Torrid Feathers
 60749 | Elf:3    | Identified the ring of Harmony {Ice Drain Str+4}
 60759 | Elf:3    | Identified the +5 plate armour of Moral Flaws {rN+ Str-2
                  | Int+2 SInv}
 60778 | Elf:3    | Acquired a manual of Dodging
 60792 | Elf:3    | Identified the +5 dagger of Bloody Death {vamp, Fly rElec
                  | MP+9}
 60893 | Elf:3    | Got Sif Muna's Handbook of the Arsonist and Calling
 61493 | Crypt:1  | Entered Level 1 of the Crypt
 61512 | Crypt:1  | Noticed Mara
 61518 | Crypt:1  | Noticed backslashecho's illusion
 61565 | Vaults:2 | Noticed backslashecho's illusion
 61570 | Vaults:2 | Killed Mara
 61609 | Crypt:1  | Reached skill level 10 in Dodging
 62021 | Crypt:1  | Noticed Xtahua
 62035 | Crypt:1  | Killed Xtahua
 63499 | Crypt:3  | Entered Level 3 of the Crypt
 63971 | Crypt:3  | Got the Compendium of Evil Magic
 63972 | Crypt:3  | Identified the amulet "Suprilum" {Fragile Will+ Regen+
                  | Dex+3}
 63972 | Crypt:3  | Identified the ring "Gyladar" {rN+ Int+3}
 64193 | Crypt:3  | Reached XP level 24. HP: 85/219 MP: 23/23
 64366 | Crypt:3  | Identified the +3 shortbow of the Eternal Void {speed,
                  | Contam Will++}
 64719 | Crypt:3  | Found a staircase to the Tomb.
 64948 | Crypt:3  | Found an ancient bone altar of Kikubaaqudgha.
 64968 | Crypt:3  | Reached skill level 15 in Dodging
 65012 | Crypt:3  | Identified the ring "Haara" {rN+ Int+6 Dex+6}
 65022 | Crypt:3  | Identified the +6 spear "Amayd" {vorpal, rC+}
 65034 | Crypt:3  | Noticed a dread lich
 65043 | Crypt:3  | Killed a dread lich
 65046 | Crypt:3  | Identified the +7 war axe "Kukal" {freeze, rC+ Str+7}
 66257 | Slime:1  | Entered Level 1 of the Pits of Slime
 66544 | Slime:2  | Gained mutation: Your body sometimes deteriorates upon
                  | taking damage. [a shining eye]
 66656 | Slime:3  | You are sucked into a shaft and drop 1 floor!
 66661 | Slime:4  | Gained mutation: You tend to lose your temper in combat. [a
                  | shining eye]
 66921 | Slime:2  | Lost mutation: You are weak. (Str -2) [potion of mutation]
 66921 | Slime:2  | Lost mutation: You tend to lose your temper in combat.
                  | [potion of mutation]
 66921 | Slime:2  | Lost mutation: Your body sometimes deteriorates upon taking
                  | damage. [potion of mutation]
 66921 | Slime:2  | Gained mutation: Your magical capacity is low. (-10% MP)
                  | [potion of mutation]
 66921 | Slime:2  | Gained mutation: You are strong-willed. (Will+) [potion of
                  | mutation]
 66922 | Slime:2  | Lost mutation: You sometimes lose the ability to read
                  | scrolls when taking damage. [potion of mutation]
 66922 | Slime:2  | Lost mutation: You are strong-willed. (Will+) [potion of
                  | mutation]
 66922 | Slime:2  | Gained mutation: You are weak. (Str -2) [potion of
                  | mutation]
 67503 | Slime:5  | Entered Level 5 of the Pits of Slime
 68403 | Slime:5  | Gained mutation: You are very weak. (Str -4) [a shining
                  | eye]
 68629 | Slime:5  | Noticed the Royal Jelly
 68650 | Slime:5  | Killed the Royal Jelly
 69161 | Slime:5  | Got Zunagh's Handbook of Ghastly Cold
 69163 | Slime:5  | Got a slimy rune of Zot
 69164 | Slime:5  | Identified the ring of Leaves {rF+ Int+6 Dex+2}
 69189 | Slime:5  | Identified the +7 fustibalus "Jiorphoytz" {vorpal, Fragile
                  | rF+ rN+ rCorr}
 69226 | Slime:5  | Got Lehudib's Grimoire of Earthen Attacks
 69248 | Slime:5  | Got Sif Muna's Volume of Feathery Stones
 69255 | Slime:5  | Identified the ring of Cifug {Wiz Str+5}
 70493 | Vaults:5 | Entered Level 5 of the Vaults
 70500 | Vaults:5 | Reached XP level 25. HP: 163/247 MP: 21/21
 71024 | Vaults:5 | Noticed an ancient lich
 71046 | Vaults:5 | Killed an ancient lich
 71664 | Vaults:5 | Noticed a dread lich
 71701 | Vaults:5 | Killed a dread lich
 71813 | Vaults:5 | Identified the +9 scythe "Hemos" {venom, rPois}
 71836 | Vaults:5 | Noticed Sojobo
 71866 | Vaults:5 | Paralysed by an air elemental for 1 turns
 71868 | Vaults:5 | Killed Sojobo
 72382 | Vaults:5 | Identified the +0 ring mail of Ofecweno {rF+}
 72682 | Vaults:5 | Got Sif Muna's Wizardry Continued
 72727 | Vaults:5 | Got a silver rune of Zot
 73598 | Zot:1    | Entered Level 1 of the Realm of Zot
 74035 | Zot:1    | You fall into a shaft and drop 1 floor!
 74658 | Zot:1    | Identified the +8 hand axe of Indomitability {speed, +Blink
                  | rPois rC- Str+5}
 75193 | Zot:1    | Found a runed translucent door.
 75194 | Zot:1    | Noticed Nempuhu's ghost (veteran MiDe)
 76122 | Zot:2    | Noticed an orb of fire
 76143 | Zot:2    | Gained mutation: You have a somewhat thin skeletal
                  | structure. (Dex +2, Stealth+) [an orb of fire]
 76146 | Zot:2    | Gained mutation: Your magical capacity is very low. (-20%
                  | MP) [an orb of fire]
 76149 | Zot:2    | Gained mutation: You occasionally shout uncontrollably at
                  | your foes. [an orb of fire]
 76152 | Zot:2    | Killed an orb of fire
 76153 | Zot:2    | Reached XP level 26. HP: 79/259 MP: 18/18
 76875 | Zot:2    | HP: 4/260 [red draconian scorcher/bolt of magma (32)]
 77583 | Zot:3    | Noticed an orb of fire
 77725 | Zot:2    | Gained mutation: You frequently scream uncontrollably at
                  | your foes. [an orb of fire]
 77734 | Zot:2    | Killed an orb of fire
 77874 | Zot:3    | Identified the +5 long sword of Perfectionism {drain, rN+}
 77958 | Zot:3    | Identified the +10 plate armour "Anefaicw" {Str+2 Int-5
                  | SInv}
 78283 | Zot:3    | Identified the +9 rapier of Karma {vorpal, rF+ rC- Int+2}
 78366 | Zot:3    | HP: 9/260 [storm dragon (14)]
 78366 | Zot:3    | Slain by a golden dragon

Illustrated notes

Levels and vault maps discovered:
D:1:      nicolae_arrival_washed_ashore, layout_loops_cross,
          minmay_indecisive_spiral
D:2:      layout_basic, shapermc_ecumenical_altar_venn, basic_altar,
          serial_shops, shop
D:3:      layout_rooms, portal_sewer_entry_e, uniq_natasha, uniq_terence,
          uniq_sigmund
D:4:      layout_rooms, skrybe_limestone_x
D:5:      layout_loops_corners, serial_glass, glass_columns_a, glass_columns_a,
          glass_columns_a, glass_columns_b,
          nicolae_concentric_dashed_squares_wild, minmay_misc_feat_five,
          mrwooster_statue_mirror
D:6:      cheibrodos_thug_alley, layout_loops_ring
D:7:      layout_cave_pools, minmay_temple_entry_proselytizer, serial_rivers,
          chequers_serial_rivers_marsh, chequers_serial_rivers_micro_d,
          chequers_serial_rivers_micro_e, chequers_serial_rivers_small_3,
          chequers_serial_rivers_micro_b
D:8:      layout_basic, ebering_ghost_funeral_grove, minmay_between
D:9:      layout_basic, grunt_lair_entry_orc_guard_hut, uniq_harold
D:10:     layout_roguey [special_room_kobold], ashenzari_altar_1,
          hiddenorc2_lemuel, minmay_orc_keep, uniq_maurice
D:11:     layout_big_octagon
D:12:     layout_loops_corners, ebering_ghost_inner_flame, minmay_diamond_spiral
D:13:     layout_stronghold, drop_trap, minivault_25, guppyfry_shop_venom,
          uniq_rupert
D:14:     nooodl_glass_maze, layout_basic, david_vaults_2,
          portal_ice_cave_entry_ugly_swarm, minmay_misc_feat_x,
          kennysheep_generic_room_13, uniq_josephine
D:15:     grunt_enter_depths_magical_seal, layout_long_grid,
          chequers_serial_rivers_micro_b
Lair:1:   layout_cave_pods, beast_lair_carwin_8, uniq_joseph
Lair:2:   layout_cave_pods, spider_nest_entry_a, infiniplex_staircase_pool
Lair:3:   layout_roguey [special_room_bee], nicolae_swamp_entry_splash_gauntlet
Lair:4:   layout_small_grid, chequers_serial_rivers_micro_c, st_stairs_9,
          nicolae_lair_run_with_the_wolves, grunt_megastairs_1
Lair:5:   layout_hall_layers, nicolae_lair_lakeside_cave, lemuel_fruit_fields
Lair:6:   evilmike_catoblepas_cave, layout_loops_ring,
          nicolae_slime_entry_slimehenge, evilmike_ambush
          [evilmike_ambush_outer_basic, evilmike_ambush_inner_basic],
          lemuel_fruit_tree
Swamp:1:  layout_basic_swamp, basic_altar
Swamp:2:  layout_basic_swamp, nicolae_swamp_feature_on_the_river_bank,
          uniq_louise
Swamp:3:  layout_basic_swamp, infiniplex_staircase_pool_2, uniq_nikola,
          uniq_bai_suzhen
Swamp:4:  swamp_basic_johnstein, layout_basic_swamp, swamp_pool1
Spider:1: nicolae_spider_hilbert_zone_4 [nicolae_spider_hilbert_4_sides_2_open,
          nicolae_spider_hilbert_4_sides_1_open,
          nicolae_spider_hilbert_4_sides_1_open,
          nicolae_spider_hilbert_4_sides_1_open,
          nicolae_spider_hilbert_4_sides_1_open,
          nicolae_spider_hilbert_2_sides_1_open,
          nicolae_spider_hilbert_2_sides_1_open,
          nicolae_spider_hilbert_2_sides_1_open,
          nicolae_spider_hilbert_2_sides_1_open,
          nicolae_spider_hilbert_6_sides_1_open,
          nicolae_spider_hilbert_6_sides_1_open,
          nicolae_spider_hilbert_3_sides_1_open,
          nicolae_spider_hilbert_3_sides_1_open], nicolae_spider_orb_run
Spider:2: layout_spider_delve
Spider:3: layout_cave_pods, nicolae_crawler_farm,
          hangedman_spider_tarantella_strand, uniq_arachne
Spider:4: grunt_spider_rune_parallel, uniq_donald
Slime:1:  cheibrodos_slime_lost_civilization_3, layout_caves
Slime:2:  layout_caves
Slime:3:  layout_caves, nicolae_slime_phagocytosis
Slime:4:  layout_caves
Slime:5
Orc:1:    layout_caves, ebering_ghost_gozag, nicolae_orc_lost_temple,
          uniq_fannar
Orc:2:    kennysheep_orc_mage_school, layout_diamond_mine,
          gammafunk_ghost_wrathful_warriors, serial_shops,
          nicolae_shop_window_shopping
Elf:1:    minmay_elf_arrival_plus, layout_loops_ring, serial_shops,
          bzr_entry_road, orc_legates, einodemon_armed_red_devil_minivault
Elf:2:    nicolae_elf_blades_crystal_corner, layout_onion_city, uniq_saint_roka
Elf:3:    elf_hall_gauntlet_wide, layout_loops_corners,
          gammafunk_ghost_tricky_traps, serial_shops, shop, serial_glass,
          glass_columns_c, glass_columns_b, glass_columns_b
Vaults:1: v_misc_11, nicolae_vaults_three_branches, v_misc_25, vaults_dpeg_ring,
          nicolae_vaults_stairing_the_circle, v_misc_11, grunt_vaults_diagonal,
          nicolae_vaults_diagonal_hallway_8, vaults_standard_mumra_x,
          ontoclasm_vaults_loading_screen, nicolae_vaults_circle_grid_a,
          vaults_mumra_hex, nicolae_vaults_diagonal_hallway_6,
          layout_vaults_ring
Vaults:2: v_misc_23, st_squares, v_rooms_1, vaults_mumra_minichess_inversion,
          minmay_crypt_entry_simple_corners, nicolae_vaults_big_ls,
          hangedman_vaults_river_flow, v_misc_18,
          nicolae_vaults_ring_of_whatevers, ontoclasm_vaults_decontamination,
          nicolae_vaults_little_squares_3, v_misc_27,
          nicolae_vaults_ring_of_whatevers, layout_vaults_omnicross
Vaults:3: v_misc_10, nicolae_vaults_fighting_squares,
          hangedman_vaults_variations, vaults_room_octagon,
          hangedman_vaults_stagger, v_misc_28, layout_vaults_quadrants
Vaults:4: hangedman_vaults_corner, vaults_room_fours, v_alt_pattern_6,
          hangedman_vaults_nails, nicolae_vaults_arrows,
          nicolae_vaults_circle_grid_a, st_cells, v_alt_pattern_6,
          vaults_room_fancy_cross, vaults_dpeg_cross, layout_vaults_omnibox,
          serial_shops, bzr_entry_islet, uniq_margery
Vaults:5: serial_shops, uniq_sojobo
Crypt:1:  layout_misc_corridors, uniq_mara, uniq_xtahua
Crypt:2:  layout_regular_city, weyrava_ghost_lake
Crypt:3:  evilmike_haunted_forest
Depths:1: layout_basic, grunt_metal_band, serial_shops, kennysheep_mini,
          nrook_campfire, hellmonk_bongcloud_opening, minmay_acid_items,
          serial_bayou_shore_a
Depths:2: hangedman_cross_cluster, layout_cave_pools, hell_entry,
          grunt_pan_entry_in_and_out, minmay_strange_pillars, firewood_loft,
          minmay_staircase_windowed_small
Depths:3: minmay_the_grid_octo_tiled_octocenter_mashed
          [minmay_the_grid_octo_odd_swirl, minmay_the_grid_octo_focus,
          minmay_the_grid_octo_toaster, minmay_the_grid_octo_thin_diamonds,
          minmay_the_grid_octo_prize_big_c,
          minmay_the_grid_square_5x5_two_walls_b,
          minmay_the_grid_square_5x5_two_small,
          minmay_the_grid_square_5x5_fat_x, minmay_the_grid_square_5x5_corner],
          layout_cave_shapes, hell_entry, abyss_entry, kb_rosetta,
          minmay_staircase_bubble
Depths:4: grunt_zot_entry_funnels, layout_gridville, enter_ziggurat_a,
          hellmouth_1, serial_bayou_pond_c, hangedman_corner_corridor
Zot:1:    nicolae_moth_party, layout_concentric_octagons, gammafunk_ghost_grave
Zot:2:    layout_twisted_circle
Zot:3:    layout_misc_corridors, ebering_ghost_xom, grunt_megastairs_2

Skill      XL: |  1  2  3  4  5  6  7  8  9 10 11 12 13 14 15 16 17 18 19 20 21 22 23 24 25 26 |
---------------+-------------------------------------------------------------------------------+-----
Fighting       | 4 5 6 8 9 13 14 17 18 19 20 22 23 24 25 | 25.9
Unarmed Combat | 1 |  1.0
Axes           | 4 7 10 12 15 17 18 19 | 19.6
Armour         | 1 3 7 8 9 11 12 15 18 19 20 22 23 24 25 | 25.9
Shields        | 5 9 10 13 16 18 19 20 22 23 24 25 | 25.9
Evocations     | 8 9 10 12 14 15 16 18 | 18.0
Dodging        | 5 9 14 16 | 16.5
Throwing       | 6 11 14 16 | 16.0
Spellcasting   | |  1.0
Fire Magic     | |  2.1

Action                   |  1- 3 |  4- 6 |  7- 9 | 10-12 | 13-15 | 16-18 | 19-21 | 22-24 | 25-27 || total
-------------------------+-------+-------+-------+-------+-------+-------+-------+-------+-------++-------
Melee: Hand axe          |   127 |   116 |   393 |   246 |    30 |   154 |       |       |       ||  1066
       Headbutt          |    11 |    16 |    66 |   154 |   409 |   573 |   490 |   676 |   405 ||  2800
       Punch             |     1 |     1 |     7 |       |       |       |       |       |       ||     9
       War axe           |       |       |       |   745 |  1507 |  1787 |       |       |       ||  4039
       Broad axe         |       |       |       |       |       |   164 |  1630 |  2079 |  1122 ||  4995
Throw: Dart              |       |     2 |     3 |     1 |    29 |     5 |     2 |     2 |       ||    44
       Javelin           |       |       |       |     7 |     4 |       |    17 |    20 |     3 ||    51
       Throwing net      |       |       |       |       |     1 |       |       |       |       ||     1
Evoke: Wand              |       |       |       |     5 |     3 |    51 |     8 |     6 |     1 ||    74
       Condenser vane    |       |       |       |       |     1 |     1 |       |     2 |       ||     4
       Phantom mirror    |       |       |       |       |       |     2 |       |       |       ||     2
       Phial of floods   |       |       |       |       |       |     1 |       |       |       ||     1
       Lightning rod     |       |       |       |       |       |       |       |     9 |       ||     9
       Piece from Xom's  |       |       |       |       |       |       |       |     1 |       ||     1
  Use: Scroll            |       |     8 |       |    15 |    12 |    14 |     8 |     8 |     2 ||    67
       Potion            |       |     1 |     2 |     2 |     6 |     8 |     3 |    12 |    11 ||    45
 Stab: Distracted        |       |       |     1 |       |       |       |       |       |       ||     1
       Petrified         |       |       |       |       |     4 |       |       |       |       ||     4
       Paralysed         |       |       |       |       |       |    10 |       |       |       ||    10
       Held in net/web   |       |       |       |       |       |     1 |       |       |       ||     1
       Confused          |       |       |       |       |       |       |       |       |     2 ||     2
Armor: Robe              |    22 |       |       |       |       |       |       |       |       ||    22
       Ring mail         |    20 |    41 |    17 |       |       |       |       |       |       ||    78
       Plate armour      |       |       |   166 |   115 |   317 |       |       |       |       ||   598
       Chain mail        |       |       |       |   291 |   258 |       |       |       |       ||   549
       Crystal plate arm |       |       |       |       |   151 |  1557 |   597 |       |       ||  2305
       Gold dragon scale |       |       |       |       |       |       |    91 |   663 |       ||   754
       Storm dragon scal |       |       |       |       |       |       |       |   109 |   353 ||   462
Dodge: Dodged            |    76 |    68 |   130 |   366 |   531 |   697 |   271 |   334 |   405 ||  2878
Block: Buckler           |       |       |    22 |    22 |       |       |       |       |       ||    44
       Kite shield       |       |       |       |   296 |   660 |  1341 |       |       |       ||  2297
       Tower shield      |       |       |       |       |       |   173 |  1553 |  1601 |   979 ||  4306
       Reflection        |       |       |       |       |       |     7 |    92 |       |       ||    99

Table legend: (Time is in decaauts)
 A = Elapsed time spent in this place.
 B = Non-inter-level travel time spent in this place.
 C = Inter-level travel time spent in this place.
 D = Time resting spent in this place.
 E = Time spent auto-exploring this place.
 F = Levels seen in this place.
 G = Mean time per level.
                   A        B        C        D        E       F      G
               +--------+--------+--------+--------+--------+-----+--------+
         Total |  76758 |  66182 |  10576 |  13986 |  27944 |  58 | 1323.4 |
       Dungeon |  19365 |  16114 |   3251 |   2750 |   9131 |  15 | 1291.0 |
          Lair |   9148 |   7535 |   1613 |   1320 |   3776 |   6 | 1524.7 |
         Swamp |   4204 |   3546 |    658 |    734 |   1222 |   4 | 1051.0 |
   Spider Nest |   6033 |   5575 |    458 |   1757 |   1882 |   4 | 1508.2 |
    Slime Pits |   2651 |   2227 |    424 |    890 |    354 |   5 |  530.2 |
  Orcish Mines |   3355 |   2841 |    514 |    873 |    864 |   2 | 1677.5 |
   Elven Halls |   3630 |   3263 |    367 |    249 |   1480 |   3 | 1210.0 |
        Vaults |  11291 |   9521 |   1770 |   1971 |   3668 |   5 | 2258.2 |
         Crypt |   3664 |   3329 |    335 |    224 |   1407 |   3 | 1221.3 |
        Depths |   6242 |   5379 |    863 |   1260 |   1640 |   4 | 1560.5 |
           Zot |   4346 |   4028 |    318 |   1322 |   1526 |   3 | 1448.7 |
        Bazaar |    284 |    284 |      0 |      0 |    136 |   2 |  142.0 |
         Sewer |   1094 |   1094 |      0 |     91 |    758 |   1 | 1094.0 |
      Ice Cave |   1446 |   1446 |      0 |    541 |     98 |   1 | 1446.0 |
               +--------+--------+--------+--------+--------+-----+--------+

Top non-repeatable levels by time:
Vaults:4: 2642 daAuts
  Lair:3: 2422 daAuts
Vaults:2: 2413 daAuts
Vaults:1: 2261 daAuts
   Zot:2: 2169 daAuts
Vaults:5: 2131 daAuts
   Orc:2: 1966 daAuts
     D:2: 1901 daAuts
   Elf:3: 1869 daAuts
   Zot:1: 1863 daAuts
Vaults:3: 1841 daAuts
     D:9: 1809 daAuts
Spider:3: 1805 daAuts
 Crypt:3: 1785 daAuts
Depths:4: 1741 daAuts
